 Dungeon Crawl Stone Soup version 0.31.0-9-g3a7656b989 (webtiles) character file.

Game seed: 17484087790239071603

6997 EnegeticOcto the Arsonist (level 10, -7/76 HPs)
             Began as a Mummy Fire Elementalist on Feb 3, 2024.
             Mangled by a two-headed ogre
             ... wielding a +0 giant club
              (30 damage)
             ... on level 9 of the Dungeon.
             The game lasted 00:24:56 (4484 turns).

EnegeticOcto the Arsonist (Mummy Fire Elementalist) Turns: 4484, Time: 00:24:57

Health: -7/76      AC:  0    Str: 11    XL:     10   Next: 82%
Magic:  25/32      EV: 12    Int: 20    God:
Gold:   559        SH:  0    Dex: 12    Spells: 17/27 levels left

rFire   x . .        o - +1 spear "Casujyur" {freeze, MP+9}
rCold   + . .        (no shield)
rNeg    + + +        a - +0 robe
rPois   ∞            (no helmet)
rElec   +            q - +0 cloak
rCorr   .            (no gloves)
SInv    .            z - +0 pair of boots
Will    +....        (no amulet)
Stlth   ++           b - ring of Uluyb {Wiz rElec Slay+4}
HPRegen 0.32/turn    m - +4 ring of protection
MPRegen 0.23/turn

%: faith, wizardry (x1)
@: corroded
A: cold resistance 1, negative energy resistance 3, torment resistance 2, heat
vulnerability 1, in touch with death 1, no potions, faith
a: no special abilities


You were on level 9 of the Dungeon.
You visited 2 branches of the dungeon, and saw 10 of its levels.

You collected 559 gold pieces.

Inventory:

Hand Weapons
 c - a +0 hand axe
   (You found it on level 1 of the Dungeon)
 k - a +0 scimitar
   (You found it on level 4 of the Dungeon)
 l - a +2 heavy mace
   (You took it off an orc on level 4 of the Dungeon)
 o - the +1 spear "Casujyur" (weapon) {freeze, MP+9}
   (You found it on level 4 of the Dungeon)

   MP+9:      It affects your magic capacity (+9).
 t - a +0 rapier of distortion
   (You took it off a kobold brigand on level 6 of the Dungeon)
Missiles
 i - 5 atropa-tipped darts
 s - 6 curare-tipped darts
 w - a throwing net {!f}
Armour
 a - a +0 robe (worn)
 f - a +2 ring mail of poison resistance
   (You found it on level 3 of the Dungeon)
 q - a +0 cloak (worn)
   (You found it on level 4 of the Dungeon)
 y - an orb of mayhem
   (You took it off Jeremiah on level 9 of the Dungeon)
 z - a +0 pair of boots (worn)
   (You found it on level 9 of the Dungeon)
Magical Staves
 r - a staff of fire
   (You found it on level 5 of the Dungeon)
Jewellery
 b - the ring of Uluyb (left hand) {Wiz rElec Slay+4}
   (You acquired it on level 3 of the Dungeon)

   [ring of wizardry]

   Wiz:       It improves your spell success rate.
   Slay+4:    It affects your accuracy & damage with ranged weapons and melee
   (+4).
   rElec:     It insulates you from electricity.
 m - a +4 ring of protection (right hand)
   (You found it on level 4 of the Dungeon)
 n - a ring of ice
   (You found it on level 4 of the Dungeon)
Wands
 e - a wand of iceblast (7) {@v2}
   (You found it on level 2 of the Dungeon)
 j - a wand of charming (3)
   (You found it on level 3 of the Dungeon)
 u - a wand of polymorph (8)
   (You took it off a kobold brigand on level 6 of the Dungeon)
Scrolls
 d - 5 scrolls of teleportation {@r3 !r}
 g - a scroll of brand weapon
 h - a scroll of enchant armour
 p - 6 scrolls of identify {@r1}
 v - a scroll of silence {!r}
 x - 2 scrolls of fog {!r}


   Skills:
 - Level 6.0 Fighting
 - Level 3.0 Dodging
 - Level 1.5 Stealth
 + Level 9.3 Spellcasting
 - Level 4.0 Conjurations
 - Level 2.0 Hexes
 - Level 10.0 Fire Magic
 + Level 3.3 Invocations
 - Level 1.0 Evocations


You had 17 spell levels left.
You knew the following spells:

 Your Spells              Type           Power      Damage    Failure   Level
a - Scorch                Fire           98%        2d9       1%          2
b - Foxfire               Conj/Fire      100%       2x1d9     1%          1
c - Inner Flame           Hex/Fire       33%        N/A       1%          3
d - Flame Wave            Conj/Fire      37%        2d10      1%          4

Your spell library contained the following spells:

 Spells                   Type           Power      Damage    Failure   Level
 Sting                    Conj/Alch      68%        1d7       1%          1
 Volatile Blastmotes      Fire/Tloc      58%        2d14      1%          3
 Ensorcelled Hibernation  Hex/Ice        26%        N/A       3%          2
 Cigotuvi's Dreadful Rot  Necr/Alch/Air  26%        N/A       4%          2
 Mercury Vapours          Alch/Air       18%        N/A       4%          2
 Ignite Poison            Fire/Alch      29%        N/A       4%          4
 Fugue of the Fallen      Necr           13%        N/A       9%          3
 Ozocubu's Armour         Ice            9%         N/A       9%          3
 Passwall                 Erth           9%         N/A       9%          3
 Swiftness                Air            9%         N/A       9%          3
 Manifold Assault         Tloc           9%         N/A       28%         4
 Olgreb's Toxic Radiance  Alch           9%         N/A       28%         4
 Freezing Cloud           Conj/Ice/Air   7%         6-21      43%         5


Dungeon Overview and Level Annotations

Branches:
Dungeon (9/15) Zot: 25640  Temple (1/1) D:4 Zot: 5998
   Lair: D:8-11         Orc: D:9-12

Altars:
Ashenzari
Cheibriados
Dithmenos
Fedhas
Hepliaklqana
Kikubaaqudgha
Nemelex Xobeh
Okawaru
Qazlal
Ru
Trog
Uskayaw
Vehumet
Wu Jian
Xom
Yredelemnul


Innate Abilities, Weirdness & Mutations

You are immune to poison.
Your flesh is cold resistant. (rC+)
You are immune to negative energy. (rN+++)
You are immune to unholy pain and torment.
You are vulnerable to heat. (rF-)
You are in touch with the powers of death.
You do not drink.
You have a special connection with the divine. (Faith)


Message History

Confirm with . or Enter, or press ? or * to list all spells.
Aiming: Inner Flame (safe; 1% risk of failure)
Press: ? - help, Dir - move target, f - steam dragon
Aim: a steam dragon (chance to affect: 86%)
The steam dragon is filled with an inner flame.
Casting: Inner Flame (safe; 1% risk of failure)
Confirm with . or Enter, or press ? or * to list all spells.
You conjure some foxfire!
Casting: Foxfire (safe; 1% risk of failure)
Confirm with . or Enter, or press ? or * to list all spells.
You conjure some foxfire!
The foxfire hits the steam dragon but does no damage.
The steam dragon breathes steam at you. The ball of steam hits your foxfire.
Your foxfire resists.
The ball of steam hits you!! The steam scalds you terribly!
The ball of steam hits your foxfire.
Your foxfire resists.
The foxfire hits the steam dragon.
Flame seeps out of the steam dragon.
The steam dragon is lightly wounded.
The steam dragon is engulfed in blazing flames.
Flame seeps out of the steam dragon.
The foxfire hits the steam dragon.
Flame seeps out of the steam dragon.
The steam dragon is heavily wounded.
The foxfire hits the steam dragon but does no damage.
The steam dragon is heavily wounded.
Casting: Foxfire (safe; 1% risk of failure)
Confirm with . or Enter, or press ? or * to list all spells.
You conjure some foxfire!
The foxfire hits the steam dragon but does no damage.
The steam dragon is heavily wounded.
The steam dragon is engulfed in blazing flames.
The steam dragon explodes!
The fiery explosion engulfs your foxfire.
Your foxfire completely resists.
Your foxfire dissipates!
You now have 542 gold pieces (gained 14).
You now have 559 gold pieces (gained 17).
An orc and an orc priest come into view.
The orc shouts!
The orc priest moves out of view.
An orc wizard comes into view. It is wielding a +0 dagger.
A two-headed ogre comes into view. It is wielding two +0 giant clubs.
An acid dragon comes into view.
Casting: Foxfire (safe; 1% risk of failure)
Confirm with . or Enter, or press ? or * to list all spells.
Aiming: Inner Flame (safe; 1% risk of failure)
Press: ? - help, Dir - move target, f - acid dragon
Aim: an acid dragon (wandering, hasn't noticed you, chance to affect: 86%)
The acid dragon roars!
The acid dragon is filled with an inner flame.
The two-headed ogre shouts in stereo!
You hear a shout!
Casting: Inner Flame (safe; 1% risk of failure)
Confirm with . or Enter, or press ? or * to list all spells.
Aiming: Inner Flame (safe; 1% risk of failure)
Press: ? - help, Dir - move target, f - two-headed ogre, p - acid dragon
Aim: a two-headed ogre, wielding two +0 giant clubs (chance to affect: 73%)
The two-headed ogre is filled with an inner flame.
The acid dragon spits acid at you. The splash of acid hits you!
The acid corrodes you!
Casting: Inner Flame (safe; 1% risk of failure)
Confirm with . or Enter, or press ? or * to list all spells.
You conjure some foxfire!
The orc barely misses you.
Casting: Foxfire (safe; 1% risk of failure)
Confirm with . or Enter, or press ? or * to list all spells.
You conjure some foxfire!
The orc priest shouts!
The foxfire hits the orc.
The orc is moderately wounded.
The foxfire hits the orc.
The orc is heavily wounded.
The orc closely misses you.
Casting: Foxfire (safe; 1% risk of failure)
Confirm with . or Enter, or press ? or * to list all spells.
You conjure some foxfire!
The foxfire hits the orc!
You kill the orc!
The foxfire hits the two-headed ogre but does no damage.
The acid dragon spits acid at you. The splash of acid hits you!!
The foxfire hits the two-headed ogre.
Flame seeps out of the two-headed ogre.
The two-headed ogre is lightly wounded.
The foxfire hits the two-headed ogre.
Flame seeps out of the two-headed ogre.
The two-headed ogre is lightly wounded.
The orc priest miscasts a cantrip.
The two-headed ogre is engulfed in blazing flames.
Flame seeps out of the two-headed ogre.
Aiming: Iceblast
Press: ? - help, Shift-Dir - straight line, f/p - two-headed ogre
Aim: a two-headed ogre, wielding two +0 giant clubs (moderately wounded, inner flame)
The mass of ice explodes!
The iceblast engulfs the two-headed ogre!
Flame seeps out of the two-headed ogre.
The two-headed ogre is heavily wounded.
The two-headed ogre is engulfed in blazing flames.
Flame seeps out of the two-headed ogre.
The acid dragon spits acid at you. The splash of acid hits you!!
The acid corrodes you!
The two-headed ogre attacks as it pursues you!
The two-headed ogre hits you with a +0 giant club!!
You die...

##................
###
#................. #
##................ ..
#................ ...
##................
...
#.........##...##.
... ##..#....## .###
####....# .# #.@...#
# ##O..## ##...#
#)...# #.....D.°....#
...... ###.#........#
....... .. #oo......#
........ ..
........... ........
.....................


You could see a two-headed ogre (inner flame), an acid dragon (inner flame,
catching breath), an orc priest and an orc wizard.

Vanquished Creatures
  A boulder beetle (D:6)
  Joseph (D:7)
  Jeremiah (D:9)
  3 wyverns
  Grum (D:8)
  2 steam dragons (D:9)
  A water moccasin (D:9)
  2 orc warriors
  4 black bears
  3 sky beasts
  A laughing skull (D:9)
  An ice beast (D:6)
  3 ogres (D:6)
  5 centaurs
  2 wolves (D:8)
  4 phantoms
  6 kobold brigands (D:6)
  A gnoll sergeant (D:6)
  3 bullfrogs
  4 scorpions
  7 wights
  The ghost of Xaerxx the Ruffian, a weakling DrMo of Wu Jian (D:6)
  2 howler monkeys (D:6)
  4 bombardier beetles
  3 hounds
  9 orc priests
  2 gnoll boudas
  A sleepcap (D:7)
  3 iguanas
  17 orc wizards
  15 gnolls
  5 adders
  A shadow imp (D:6)
  2 white imps (D:5)
  2 ufetubi (D:5)
  3 ribbon worms
  4 dart slugs
  25 orcs
  2 ball pythons
  5 endoplasms
  A giant cockroach (D:3)
  6 goblins
  4 hobgoblins
  5 jackals
  2 kobolds
  3 quokkas
  5 bats
  4 rats
192 creatures vanquished.

Vanquished Creatures (others)
  240 foxfires
240 creatures vanquished.

Grand Total: 432 creatures vanquished

Notes
Turn   | Place    | Note
-------+----------+-------------------------------------------
     0 | D:1      | EnegeticOcto the Mummy Fire Elementalist began the quest
                  | for the Orb.
     0 | D:1      | Reached XP level 1. HP: 13/13 MP: 4/4
    84 | D:1      | You fall into a shaft and drop 1 floor!
   122 | D:2      | Reached skill level 1 in Conjurations
   137 | D:2      | Reached skill level 3 in Spellcasting
   151 | D:2      | Reached XP level 2. HP: 19/19 MP: 0/6
   215 | D:1      | Learned a level 2 spell: Scorch
   325 | D:2      | Reached XP level 3. HP: 19/24 MP: 2/7
   438 | D:3      | Identified a scroll of acquirement
   440 | D:3      | Acquired the ring of Uluyb {Wiz rElec Slay+4}
   447 | D:3      | Learned a level 3 spell: Inner Flame
   559 | D:4      | Reached skill level 3 in Fire Magic
   566 | D:4      | Reached XP level 4. HP: 8/30 MP: 9/9
   664 | D:3      | Reached skill level 4 in Spellcasting
   771 | D:4      | Reached skill level 2 in Conjurations
   826 | D:4      | Reached skill level 1 in Fighting
   870 | D:4      | Reached XP level 5. HP: 24/37 MP: 1/11
   899 | D:4      | Noticed a black bear
   944 | D:4      | Killed a black bear
   945 | D:4      | Reached skill level 2 in Fighting
   945 | D:4      | Reached skill level 4 in Fire Magic
   974 | D:4      | Reached skill level 3 in Fighting
   974 | D:4      | Reached XP level 6. HP: 30/47 MP: 2/12
  1020 | D:4      | Learned a level 4 spell: Flame Wave
  1085 | D:4      | Reached skill level 1 in Evocations
  1091 | D:4      | Identified the +1 spear "Casujyur" {freeze, MP+9}
  1176 | D:4      | Found a staircase to the Ecumenical Temple.
  1185 | Temple   | Entered the Ecumenical Temple
  1301 | D:5      | Entered Level 5 of the Dungeon
  1348 | D:5      | Reached XP level 7. HP: 52/52 MP: 11/14
  1365 | D:5      | Reached skill level 5 in Spellcasting
  1468 | D:5      | Reached skill level 5 in Fire Magic
  1653 | D:5      | Reached skill level 6 in Spellcasting
  1879 | D:6      | Reached skill level 7 in Spellcasting
  1879 | D:6      | Reached XP level 8. HP: 45/58 MP: 0/18
  1999 | D:6      | Reached skill level 6 in Fire Magic
  2107 | D:7      | Noticed Joseph
  2112 | D:7      | Killed Joseph
  2113 | D:7      | Reached skill level 8 in Spellcasting
  2138 | D:6      | Reached skill level 7 in Fire Magic
  2179 | D:6      | Found a shadowy altar of Dithmenos.
  2224 | D:6      | Noticed a boulder beetle
  2380 | D:6      | Reached XP level 9. HP: 60/63 MP: 21/21
  2383 | D:6      | Reached skill level 8 in Fire Magic
  2432 | D:6      | Found a runed translucent gate.
  2433 | D:6      | Found a runed translucent gate.
  2434 | D:6      | Found a runed translucent gate.
  2434 | D:6      | Noticed Xaerxx's ghost (weakling DrMo)
  2446 | D:6      | Killed Xaerxx's ghost
  2447 | D:6      | Reached skill level 1 in Hexes
  2449 | D:6      | Reached skill level 2 in Hexes
  2518 | D:6      | Reached skill level 4 in Fighting
  2518 | D:6      | Reached skill level 3 in Conjurations
  2635 | D:6      | Killed a boulder beetle
  2636 | D:6      | Reached skill level 4 in Conjurations
  2636 | D:6      | Reached skill level 2 in Dodging
  2658 | D:6      | Reached skill level 5 in Fighting
  2795 | D:6      | Reached skill level 3 in Dodging
  2946 | D:7      | You fall into a shaft and drop 2 floors!
  2970 | D:9      | Reached XP level 10. HP: 43/74 MP: 16/22
  3137 | D:8      | Noticed Grum
  3147 | D:8      | Killed Grum
  3148 | D:8      | Reached skill level 6 in Fighting
  3181 | D:8      | Reached skill level 9 in Fire Magic
  3623 | D:7      | Found an ancient bone altar of Kikubaaqudgha.
  3829 | D:7      | Reached skill level 10 in Fire Magic
  3859 | D:7      | Reached skill level 1 in Invocations
  4066 | D:8      | Reached skill level 2 in Invocations
  4208 | D:9      | Noticed Jeremiah
  4226 | D:9      | Killed Jeremiah
  4227 | D:9      | Reached skill level 9 in Spellcasting
  4242 | D:9      | Reached skill level 3 in Invocations
  4475 | D:9      | Noticed a two-headed ogre
  4484 | D:9      | Mangled by a two-headed ogre

Illustrated notes

Levels and vault maps discovered:
D:1:      wheals_arrival_linesprint, layout_basic
D:2:      layout_rooms, corexii_corridor_pit, minivault_11
D:3:      layout_basic
D:4:      kennysheep_six_static_rooms, layout_cave_pools,
          minmay_temple_entry_poolview
D:5:      layout_basic
D:6:      cheibrodos_barr_body, layout_loops_corners,
          grunt_dithmenos_smoke_and_mirrors, gammafunk_ghost_nasty_kobolds,
          lemuel_flame_loot_1
D:7:      layout_loops_ring, overflow_temple_1_default,
          kennysheep_generic_room_7, uniq_joseph
D:8:      minmay_flawed_box, layout_basic, kennysheep_mini,
          lemuel_coloured_pillars_altar, minmay_strange_pillars, uniq_grum
D:9:      layout_cave_pools, serial_shops, shop, minmay_radiant, uniq_jeremiah
Temple:   sentei_temple_godly_chess

Skill      XL: |  1  2  3  4  5  6  7  8  9 10 |
---------------+-------------------------------+-----
Conjurations   | 1 2 4 |  4.0
Spellcasting   | 3 4 7 8 9 |  9.3
Fire Magic     | 3 4 5 7 8 10 | 10.0
Fighting       | 1 3 5 6 |  6.0
Evocations     | 1 |  1.0
Hexes          | 2 |  2.0
Dodging        | 3 |  3.0
Invocations    | 3 |  3.3
Stealth        | |  1.5

Action                     |  1- 3 |  4- 6 |  7- 9 | 10-12 || total
---------------------------+-------+-------+-------+-------++-------
  Melee: Unarmed           |     1 |       |       |       ||     1
         Hand axe          |    37 |     6 |       |       ||    43
         Mace              |       |    12 |       |       ||    12
         Spear             |       |     9 |     4 |    27 ||    40
  Throw: Dart              |       |       |     2 |       ||     2
   Cast: Foxfire           |    28 |    51 |    34 |    20 ||   133
         Scorch            |       |    11 |    89 |    33 ||   133
         Inner Flame       |       |     2 |    15 |     9 ||    26
         Flame Wave        |       |       |     5 |    19 ||    24
  Evoke: Wand              |     3 |       |       |     1 ||     4
    Use: Scroll            |     4 |     1 |     3 |     3 ||    11
 Armour: Robe              |    41 |    39 |    57 |    70 ||   207
  Dodge: Dodged            |    43 |    33 |    50 |    45 ||   171

Table legend:
 A = Kills in this place as a percentage of kills in the entire game.
 B = Kills by you in this place as a percentage of kills by you in the entire game.
 C = Kills by friends in this place as a percentage of kills by friends in the entire game.
 D = Other kills in this place as a percentage of other kills in the entire game.
 E = Experience gained in this place as a percentage of experience gained in the entire game.
 F = Experience gained in this place divided by the number of levels of this place that you have seen.
                   A       B       C       D       E      F
               +-------+-------+-------+-------+-------+----------------------
         Total | 100.0 | 100.0 |   N/A |   N/A | 100.0 | 999.6
       Dungeon | 100.0 | 100.0 |   N/A |   N/A | 100.0 | 1110.7
               +-------+-------+-------+-------+-------+----------------------

Table legend: (Time is in decaauts)
 A = Elapsed time spent in this place.
 B = Non-inter-level travel time spent in this place.
 C = Inter-level travel time spent in this place.
 D = Time resting spent in this place.
 E = Time spent auto-exploring this place.
 F = Levels seen in this place.
 G = Mean time per level.
                   A        B        C        D        E       F      G
               +--------+--------+--------+--------+--------+-----+--------+
         Total |   4625 |   4534 |     91 |    686 |     11 |  10 |  462.5 |
       Dungeon |   4623 |   4532 |     91 |    686 |     11 |   9 |  513.7 |
        Temple |      1 |      1 |      0 |      0 |      0 |   1 |    1.0 |
               +--------+--------+--------+--------+--------+-----+--------+

Top non-repeatable levels by time:
     D:6: 1090 daAuts
     D:4: 717 daAuts
     D:8: 602 daAuts
     D:5: 532 daAuts
     D:7: 487 daAuts
     D:9: 471 daAuts
     D:3: 280 daAuts
     D:2: 261 daAuts
     D:1: 179 daAuts
  Temple: 1 daAuts
